IL
SALT LAKE BEES @ CHARLOTTE KNIGHTS
09/19/2045
 
TOP OF THE 1ST
Salt Lake Bees batting - Pitching for Charlotte Knights : RHP Dave Espinoza
Pitching: RHP Dave Espinoza
Batting: RHB Bjoern Waltersson 0-0: Ball
1-0: Called Strike
1-1: Foul Ball, location: 2F
1-2: Foul Ball, location: 2F
1-2: Foul Ball, location: 2F
1-2: Foul Ball, location: 2F
1-2: Ball
2-2: Foul Ball, location: 2F
2-2: Ball
3-2: Foul Ball, location: 2F
3-2: SOLO HOME RUN (Flyball, 78XD, EV 97.5 MPH), Distance : 390 ft
Batting: RHB Melvin Gomez 0-0: Ball
1-0: Ball
2-0: Ground out 5-3 (Groundball, 56S, EV 85.0 MPH)
Batting: LHB Javier Trujillo 0-0: Called Strike
0-1: Foul Ball, location: 2F
0-2: Ground out 4-3 (Groundball, 4, EV 82.5 MPH)
Batting: LHB Vinny Carreno 0-0: Ball
1-0: Ground out 6-3 (Groundball, 6, EV 98.8 MPH)
Top of the 1st over - 1 run, 1 hit, 0 errors, 0 left on base; Salt Lake 1 - Charlotte 0
BOTTOM OF THE 1ST
Charlotte Knights batting - Pitching for Salt Lake Bees : RHP Dave Jackson
Pitching: RHP Dave Jackson
Batting: RHB Steve Martin 0-0: Called Strike
0-1: Ball
1-1: Foul Ball, location: 2F
1-2: Foul Ball, location: 2F
1-2: Ground out 5-3 (Groundball, 56S, EV 86.2 MPH)
Batting: RHB Brad Boals 0-0: Ball
1-0: Swinging Strike
1-1: Swinging Strike
1-2: SINGLE (Groundball, 4D, EV 106.2 MPH)
Batting: LHB Angel Tellez 0-0: Ball
1-0: Called Strike
1-1: Ball
2-1: Foul Ball, location: 2F
2-2: Ball
3-2: Base on Balls
Brad Boals to second
Batting: LHB John Thurman 0-0: Ball
1-0: Called Strike
Brad Boals steals 3rd base
1-1: Foul Ball, location: 2F
1-2: Ball
2-2: Grounds into double play, 4-6-3 (Groundball, 4, EV 98.1 MPH)
Bottom of the 1st over - 0 runs, 1 hit, 0 errors, 1 left on base; Salt Lake 1 - Charlotte 0
TOP OF THE 2ND
Salt Lake Bees batting - Pitching for Charlotte Knights : RHP Dave Espinoza
Batting: RHB Jeff Long 0-0: Called Strike
0-1: Ground out U3 (Groundball, 34S, EV 88.1 MPH)
Batting: RHB Guillermo Mojica 0-0: SINGLE (Groundball, 6MD, EV 101.9 MPH)
Batting: SHB Brendan Bundy 0-0: Ball
1-0: Fly out, F9 (Flyball, 9, EV 95.0 MPH)
Batting: RHB Juan Rosa 0-0: Ball
Guillermo Mojica steals 2nd base (no throw)
1-0: Ball
2-0: Called Strike
2-1: Called Strike
2-2: Ball
3-2: Foul Ball, location: 2F
3-2: Foul Ball, location: 2F
3-2: Base on Balls
Batting: RHB Justin Noll 0-0: Called Strike
0-1: Swinging Strike
0-2: Strikes out looking
Top of the 2nd over - 0 runs, 1 hit, 0 errors, 2 left on base; Salt Lake 1 - Charlotte 0
BOTTOM OF THE 2ND
Charlotte Knights batting - Pitching for Salt Lake Bees : RHP Dave Jackson
Batting: LHB Ryan Karg 0-0: Ground out U3 (Groundball, 3, EV 88.8 MPH)
Batting: RHB Micah Brown 0-0: Ball
1-0: Foul Ball, location: 2F
1-1: Foul Ball, location: 2F
1-2: Foul Ball, location: 2F
1-2: Foul Ball, location: 2F
1-2: SOLO HOME RUN (Flyball, 7D, EV 94.4 MPH), Distance : 362 ft
Batting: LHB Kevin Rolison 0-0: Ball
1-0: Ball
2-0: Ball
3-0: Base on Balls
Batting: RHB Doug Lane 0-0: Ball
1-0: SINGLE (Groundball, 6MD, EV 102.5 MPH)
Kevin Rolison to second
Batting: RHB Herb Craig 0-0: Swinging Strike
0-1: Ball
1-1: DOUBLE (Flyball, 89D, EV 108.8 MPH)
Kevin Rolison scores
Doug Lane to third
Batting: RHB Steve Martin 0-0: Ball
1-0: Called Strike
1-1: Ground out 6-3 (Groundball, 56, EV 80.0 MPH)
Doug Lane scores
Batting: RHB Brad Boals 0-0: Ball
1-0: Ground out 6-3 (Groundball, 6, EV 102.5 MPH)
Bottom of the 2nd over - 3 runs, 3 hits, 0 errors, 1 left on base; Salt Lake 1 - Charlotte 3
TOP OF THE 3RD
Salt Lake Bees batting - Pitching for Charlotte Knights : RHP Dave Espinoza
Batting: RHB Bjoern Waltersson 0-0: Called Strike
0-1: Ball
1-1: Fly out, F8 (Line Drive, 8LD, EV 100.6 MPH)
Batting: RHB Melvin Gomez 0-0: Ball
1-0: SINGLE (Groundball, 34S, EV 66.9 MPH) (infield hit)
Batting: LHB Javier Trujillo 0-0: Ball
1-0: Ball
2-0: Ball
3-0: Base on Balls
Melvin Gomez to second
Batting: LHB Vinny Carreno 0-0: Ball
1-0: Foul Ball, location: 2F
1-1: Ball
Wild Pitch!
Melvin Gomez to third
Javier Trujillo to second
2-1: Ball
3-1: Base on Balls
Batting: RHB Jeff Long 0-0: Ball
1-0: Foul Ball, location: 2F
1-1: Ball
2-1: DOUBLE (Line Drive, 78M, EV 90.0 MPH)
Melvin Gomez scores
Javier Trujillo scores
Vinny Carreno to third
Batting: RHB Guillermo Mojica 0-0: Ball
1-0: Fly out, F9 (Line Drive, 9D, EV 96.9 MPH)
Runner from 3rd tags up, SCORES, throw by RF
Jeff Long to third
Batting: SHB Brendan Bundy 0-0: Ball
1-0: Ball
2-0: Foul Ball, location: 2F
2-1: Foul Ball, location: 2F
2-2: Ground out U3 (Groundball, 3, EV 90.0 MPH)
Top of the 3rd over - 3 runs, 2 hits, 0 errors, 1 left on base; Salt Lake 4 - Charlotte 3
BOTTOM OF THE 3RD
Charlotte Knights batting - Pitching for Salt Lake Bees : RHP Dave Jackson
Batting: LHB Angel Tellez 0-0: Called Strike
0-1: Foul Ball, location: 2F
0-2: Ball
1-2: Ball
2-2: Foul Ball, location: 2F
2-2: Ball
3-2: Foul Ball, location: 2F
3-2: Base on Balls
Batting: LHB John Thurman 0-0: Called Strike
0-1: Ball
Angel Tellez steals 2nd, throwing error, E2
Angel Tellez to third
1-1: Foul Ball, location: 2F
1-2: Ball
2-2: Ground out U3 (Groundball, 3, EV 85.6 MPH)
Batting: LHB Ryan Karg 0-0: Called Strike
0-1: Hit by Pitch
Batting: RHB Micah Brown 0-0: Called Strike
Ryan Karg steals 2nd base
0-1: Swinging Strike
0-2: SINGLE (Flyball, 78S, EV 93.1 MPH)
Angel Tellez scores
Ryan Karg to third
Batting: LHB Kevin Rolison 0-0: Grounds out, U3 (Groundball, 3L, EV 106.2 MPH)
Ryan Karg scores
Batting: RHB Doug Lane 0-0: Ball
1-0: Foul Ball, location: 2F
1-1: Ball
2-1: Foul Ball, location: 2F
2-2: Ball
3-2: Base on Balls
Batting: RHB Herb Craig 0-0: Ball
1-0: Ball
2-0: Foul Ball, location: 2F
2-1: Ball
3-1: Ground out 6-3 (Groundball, 6S, EV 82.5 MPH)
Bottom of the 3rd over - 2 runs, 1 hit, 1 error, 2 left on base; Salt Lake 4 - Charlotte 5
TOP OF THE 4TH
Salt Lake Bees batting - Pitching for Charlotte Knights : RHP Dave Espinoza
Batting: RHB Juan Rosa 0-0: Foul Ball, location: 2F
0-1: Fly out, F8 (Line Drive, 8RD, EV 85.0 MPH)
Batting: RHB Justin Noll 0-0: Swinging Strike
0-1: Ground out 6-3 (Groundball, 6, EV 95.0 MPH)
Batting: RHB Bjoern Waltersson 0-0: Swinging Strike
0-1: Ball
1-1: Ball
2-1: Ball
3-1: Base on Balls
Batting: RHB Melvin Gomez 0-0: Ball
1-0: Ball
2-0: Ball
3-0: Called Strike
3-1: Called Strike
Bjoern Waltersson steals 2nd base
3-2: Fly out, F3 (Popup, 3S, EV 67.5 MPH)
Top of the 4th over - 0 runs, 0 hits, 0 errors, 1 left on base; Salt Lake 4 - Charlotte 5
BOTTOM OF THE 4TH
Charlotte Knights batting - Pitching for Salt Lake Bees : RHP Dave Jackson
Batting: RHB Steve Martin 0-0: Called Strike
0-1: Foul Ball, location: 2F
0-2: Ground out 6-3 (Groundball, 6, EV 80.6 MPH)
Batting: RHB Brad Boals 0-0: Ground out 6-3 (Groundball, 6M, EV 104.4 MPH)
Batting: LHB Angel Tellez 0-0: Ball
1-0: Ball
2-0: Ball
3-0: Base on Balls
Batting: LHB John Thurman 0-0: Ball
1-0: Called Strike
1-1: Ball
2-1: Swinging Strike
2-2: Ball
3-2: SINGLE (Groundball, 6M, EV 99.4 MPH) (infield hit)
Angel Tellez to second
Batting: LHB Ryan Karg 0-0: Ball
1-0: Ball
2-0: Ball
3-0: Called Strike
3-1: Ground out 3-1 (Groundball, 34, EV 75.6 MPH)
Bottom of the 4th over - 0 runs, 1 hit, 0 errors, 2 left on base; Salt Lake 4 - Charlotte 5
TOP OF THE 5TH
Salt Lake Bees batting - Pitching for Charlotte Knights : RHP Dave Espinoza
Batting: LHB Javier Trujillo 0-0: Ball
1-0: Ball
2-0: Ball
3-0: Base on Balls
Batting: LHB Vinny Carreno 0-0: Ball
1-0: Fielders Choice at 2nd, 3-6 (Groundball, 3, EV 110.6 MPH)
Batting: RHB Jeff Long 0-0: SINGLE (Groundball, P, EV 83.8 MPH) (infield hit)
Vinny Carreno to second
Batting: RHB Guillermo Mojica 0-0: Ball
Wild Pitch!
Vinny Carreno to third
Jeff Long to second
1-0: Ball
2-0: Called Strike
2-1: Called Strike
2-2: Ball
3-2: Base on Balls
Batting: SHB Brendan Bundy 0-0: Ball
1-0: Ball
2-0: Called Strike
2-1: Ball
3-1: Called Strike
3-2: Foul Ball, location: 2F
3-2: Base on Balls
Vinny Carreno scores
Jeff Long to third
Guillermo Mojica to second
Pitching: RHP Kurt Vitta
Batting: RHB Juan Rosa 0-0: SINGLE (Groundball, 4MD, EV 96.2 MPH)
Jeff Long scores
Guillermo Mojica to third
Brendan Bundy to second
Runner from 3rd tries for Home, SAFE, throw by CF to home
Batting: RHB Justin Noll 0-0: Called Strike
0-1: Called Strike
0-2: Strikes out swinging
Batting: RHB Bjoern Waltersson 0-0: Ball
1-0: Called Strike
1-1: Ball
2-1: Ball
3-1: Fly out, F3 (Flyball, 3D, EV 84.4 MPH)
Top of the 5th over - 3 runs, 2 hits, 0 errors, 2 left on base; Salt Lake 7 - Charlotte 5
BOTTOM OF THE 5TH
Charlotte Knights batting - Pitching for Salt Lake Bees : RHP Dave Jackson
Batting: RHB Micah Brown 0-0: Called Strike
0-1: Ball
1-1: Ball
2-1: Swinging Strike
2-2: Ground out U3 (Groundball, 3S, EV 87.5 MPH)
Batting: LHB Kevin Rolison 0-0: Ground out U3 (Groundball, 3, EV 90.0 MPH)
Batting: RHB Doug Lane 0-0: Called Strike
0-1: Ball
1-1: Swinging Strike
1-2: Foul Ball, location: 2F
1-2: Ball
2-2: Ball
3-2: Strikes out swinging
Bottom of the 5th over - 0 runs, 0 hits, 0 errors, 0 left on base; Salt Lake 7 - Charlotte 5
TOP OF THE 6TH
Salt Lake Bees batting - Pitching for Charlotte Knights : RHP Kurt Vitta
Batting: RHB Melvin Gomez 0-0: Foul Ball, location: 2F
0-1: Ball
1-1: Ball
2-1: Fly out, F6 (Popup, 4M, EV 62.5 MPH)
Batting: LHB Javier Trujillo 0-0: Foul Ball, location: 2F
0-1: Foul Ball, location: 2F
0-2: Ball
1-2: Foul Ball, location: 2F
1-2: Strikes out looking
Batting: LHB Vinny Carreno 0-0: Ball
1-0: Fly out, F4 (Line Drive, 4, EV 69.4 MPH)
Top of the 6th over - 0 runs, 0 hits, 0 errors, 0 left on base; Salt Lake 7 - Charlotte 5
BOTTOM OF THE 6TH
Charlotte Knights batting - Pitching for Salt Lake Bees : RHP Dave Jackson
Pitching: RHP Jose Alvarado
Batting: RHB Herb Craig 0-0: Ball
1-0: Ball
2-0: Ball
3-0: Called Strike
3-1: Base on Balls
Batting: RHB Steve Martin 0-0: Ball
1-0: Ball
Herb Craig steals 2nd base
2-0: Ball
3-0: Called Strike
3-1: Swinging Strike
3-2: Foul Ball, location: 2F
3-2: SINGLE (Groundball, 56D, EV 107.5 MPH)
Herb Craig to third
Runner from 3rd tries for Home, SAFE, throw by LF to home
Batting: RHB Brad Boals 0-0: Ball
Steve Martin steals 2nd, throwing error, E2
Steve Martin to third
1-0: Called Strike
1-1: Ball
2-1: Foul Ball, location: 2F
2-2: Ball
3-2: Base on Balls
Pitching: LHP Cody Bodenhamer
Batting: LHB Angel Tellez 0-0: Foul Ball, location: 2F
0-1: Ball
1-1: Ball
2-1: Ball
3-1: Foul Ball, location: 2F
3-2: Strikes out looking
Pinch Hitting: RHB Rafael Cruz 0-0: Called Strike
0-1: Ball
1-1: Foul Ball, location: 2F
1-2: Foul Ball, location: 2F
1-2: Fly out, F9 (Flyball, 9D, EV 76.2 MPH)
Runner from 3rd tags up, SCORES, throw by RF
Batting: LHB Ryan Karg 0-0: Ball
1-0: Ball
2-0: Swinging Strike
2-1: Ball
3-1: Called Strike
3-2: Base on Balls
Brad Boals to second
Batting: RHB Micah Brown 0-0: Ball
1-0: Ball
2-0: Ball
3-0: Base on Balls
Brad Boals to third
Ryan Karg to second
Pitching: RHP Bartholomeu Voivodic
Batting: LHB Kevin Rolison 0-0: Ball
1-0: SINGLE (Groundball, 4MD, EV 108.1 MPH)
Brad Boals scores
Ryan Karg to third
Micah Brown to second
Runner from 3rd tries for Home, SAFE, throw by CF to home
Batting: RHB Doug Lane 0-0: Called Strike
0-1: SINGLE (Groundball, 6M, EV 81.2 MPH) (infield hit)
Micah Brown to third
Kevin Rolison to second
Batting: RHB Herb Craig 0-0: Ball
1-0: SINGLE (Flyball, 4MD, EV 96.2 MPH)
Micah Brown scores
Kevin Rolison to third
Doug Lane to second
Runner from 3rd tries for Home, SAFE, throw by CF to home
Batting: RHB Steve Martin 0-0: Ball
1-0: Ball
2-0: Ball
3-0: Called Strike
3-1: Base on Balls
Doug Lane to third
Herb Craig to second
Batting: RHB Brad Boals 0-0: Called Strike
0-1: Ball
1-1: Foul Ball, location: 2F
1-2: Foul Ball, location: 2F
1-2: Foul Ball, location: 2F
1-2: Ball
2-2: Fly out, F7 (Flyball, 7LM, EV 75.6 MPH)
Bottom of the 6th over - 6 runs, 4 hits, 1 error, 3 left on base; Salt Lake 7 - Charlotte 11
TOP OF THE 7TH
Salt Lake Bees batting - Pitching for Charlotte Knights : RHP Kurt Vitta
Now in LF: James Betron
Now in RF: Angel Tellez
Batting: RHB Jeff Long 0-0: Called Strike
0-1: Called Strike
0-2: Strikes out swinging
Batting: RHB Guillermo Mojica 0-0: Ball
1-0: Ball
2-0: Ball
3-0: Called Strike
3-1: Ground out 5-3 (Groundball, 56, EV 92.5 MPH)
Batting: SHB Brendan Bundy 0-0: Foul Ball, location: 2F
0-1: Ball
1-1: Swinging Strike
1-2: Foul Ball, location: 2F
1-2: Strikes out swinging
Top of the 7th over - 0 runs, 0 hits, 0 errors, 0 left on base; Salt Lake 7 - Charlotte 11
BOTTOM OF THE 7TH
Charlotte Knights batting - Pitching for Salt Lake Bees : RHP Bartholomeu Voivodic
Pitching: RHP Dave Thomas
Batting: LHB Angel Tellez 0-0: Ball
1-0: Called Strike
1-1: Called Strike
1-2: Fly out, F7 (Flyball, 7S, EV 85.0 MPH)
Batting: LHB James Betron 0-0: Ball
1-0: Ball
2-0: Ball
3-0: Base on Balls
Batting: LHB Ryan Karg 0-0: Ball
James Betron steals 2nd base (no throw)
1-0: Foul Ball, location: 2F
1-1: Foul Ball, location: 2F
1-2: Foul Ball, location: 2F
1-2: SINGLE (Groundball, 25, EV 65.0 MPH) (infield hit)
James Betron to third
Batting: RHB Micah Brown 0-0: Called Strike
0-1: Ball
Passed Ball!
James Betron scores
Ryan Karg to second
1-1: Ball
2-1: Foul Ball, location: 2F
2-2: Ground out 6-3 (Groundball, 6, EV 81.2 MPH)
Ryan Karg to third
Batting: LHB Kevin Rolison 0-0: Called Strike
0-1: Ball
1-1: SINGLE (Line Drive, 34D, EV 94.4 MPH)
Ryan Karg scores
Batting: RHB Doug Lane 0-0: Ball
1-0: Foul Ball, location: 2F
1-1: SINGLE (Groundball, 4MD, EV 101.9 MPH)
Kevin Rolison to second
Runner from 2nd tries for 3rd, OUT! 8-5
Bottom of the 7th over - 2 runs, 3 hits, 0 errors, 1 left on base; Salt Lake 7 - Charlotte 13
TOP OF THE 8TH
Salt Lake Bees batting - Pitching for Charlotte Knights : RHP Kurt Vitta
Batting: RHB Juan Rosa 0-0: Ball
1-0: Called Strike
1-1: Foul Ball, location: 2F
1-2: Ground out 4-3 (Groundball, 4, EV 105.6 MPH)
Batting: RHB Justin Noll 0-0: Swinging Strike
0-1: Ball
1-1: Foul Ball, location: 2F
1-2: Ball
2-2: Foul Ball, location: 2F
2-2: Strikes out swinging
Batting: RHB Bjoern Waltersson 0-0: Ball
1-0: Called Strike
1-1: Foul Ball, location: 2F
1-2: Ball
2-2: Ball
3-2: Base on Balls
Batting: RHB Melvin Gomez 0-0: Ball
1-0: Called Strike
1-1: Fly out, F7 (Flyball, 78S, EV 83.1 MPH)
Top of the 8th over - 0 runs, 0 hits, 0 errors, 1 left on base; Salt Lake 7 - Charlotte 13
BOTTOM OF THE 8TH
Charlotte Knights batting - Pitching for Salt Lake Bees : RHP Dave Thomas
Batting: RHB Herb Craig 0-0: Ball
1-0: Ball
2-0: Ball
3-0: Base on Balls
Batting: RHB Steve Martin 0-0: Swinging Strike
0-1: Called Strike
Herb Craig steals 2nd base
0-2: Ball
1-2: Foul Ball, location: 2F
1-2: 2-RUN HOME RUN (Flyball, 7D, EV 96.2 MPH), Distance : 375 ft
Batting: RHB Brad Boals 0-0: Called Strike
0-1: Ground out 6-3 (Groundball, 6, EV 82.5 MPH)
Batting: LHB Angel Tellez 0-0: Ball
1-0: Called Strike
1-1: Foul Ball, location: 2F
1-2: Hit by Pitch
Batting: LHB James Betron 0-0: Foul Ball, location: 2F
0-1: Swinging Strike
0-2: Fly out, F8 (Flyball, 8LD, EV 106.9 MPH)
Batting: LHB Ryan Karg 0-0: Ball
1-0: Ball
2-0: Foul Ball, location: 2F
2-1: Ball
3-1: Base on Balls
Angel Tellez to second
Batting: RHB Micah Brown 0-0: Ball
1-0: Foul Ball, location: 2F
1-1: Called Strike
1-2: DOUBLE (Line Drive, 78D, EV 108.1 MPH)
Angel Tellez scores
Ryan Karg to third
Runner from 3rd tries for Home, SAFE, throw by CF to home
Pitching: RHP Alberto Pickett
Pinch Hitting: RHB Tim Nordahl 0-0: Called Strike
0-1: Ball
1-1: Ground out 6-3 (Groundball, 6, EV 82.5 MPH)
Bottom of the 8th over - 4 runs, 2 hits, 0 errors, 1 left on base; Salt Lake 7 - Charlotte 17
TOP OF THE 9TH
Salt Lake Bees batting - Pitching for Charlotte Knights : RHP Kurt Vitta
Now at 1B: Tim Nordahl
Pinch Hitting: RHB Andres Mendiola 0-0: Called Strike
0-1: Called Strike
0-2: Ball
1-2: Foul Ball, location: 2F
1-2: Foul Ball, location: 2F
1-2: Ground out 6-3 (Groundball, 6, EV 110.0 MPH)
Batting: LHB Vinny Carreno 0-0: Called Strike
0-1: Ball
1-1: Swinging Strike
1-2: Fly out, F8 (Flyball, 78D, EV 94.4 MPH)
Batting: RHB Jeff Long 0-0: Fly out, F7 (Line Drive, 78M, EV 85.6 MPH)
Top of the 9th over - 0 runs, 0 hits, 0 errors, 0 left on base; Salt Lake 7 - Charlotte 17
Wednesday, June 22nd , 2022 - OOTP Baseball 23.4 Build 64